 Dungeon Crawl Stone Soup version 0.20.0-15-g7f486f2 (webtiles) character file.

5181 anfisbena the Carver (level 10, -11/49 HPs)
             Began as a Vine Stalker Fighter on June 21, 2017.
             Was a Follower of Uskayaw.
             Killed by Ozocubu's Refrigeration
             ... invoked by Fannar
              (15 damage)
             ... on level 10 of the Dungeon.
             The game lasted 00:14:02 (9250 turns).

anfisbena the Carver (Vine Stalker Fighter)         Turns: 9250, Time: 00:14:03

Health: -11/49     AC:  9    Str: 20    XL:     10   Next: 60%
Magic:  0/23       EV:  7    Int:  8    God:    Uskayaw [*.....]
Gold:   616        SH: 10    Dex: 16    Spells: 9/9 levels left

rFire    . . .     SeeInvis .   a - +0 long sword
rCold    . . .     Gourm    .   c - +0 shield
rNeg     . . .     Faith    .   b - +0 scale mail
rPois    .         Spirit   +   (no helmet)
rElec    .         Reflect  .   G - +0 cloak
rCorr    .         Harm     .   (no gloves)
MR       +....                  F - +0 pair of boots (curse)
Stlth    ++........             (no amulet)
Regen    0.6/turn               o - ring of stealth
MPRegen  0.2/turn               q - ring of magical power

@: no status effects
A: fangs 3, regeneration 1, magic shield, antimagic bite, no potion heal 3, rot
immunity
a: Stomp, Renounce Religion


You were on level 10 of the Dungeon.
You worshipped Uskayaw.
Uskayaw was noncommittal.
You were not hungry.

You visited 2 branches of the dungeon, and saw 11 of its levels.
You also visited: Ossuary.

You collected 616 gold pieces.

Inventory:

Hand Weapons
 a - a +0 long sword (weapon)
Armour
 b - a +0 scale mail (worn)
 c - a +0 shield (worn)
 F - a cursed +0 pair of boots (worn)
 G - a +0 cloak (worn)
Jewellery
 g - an uncursed ring of see invisible
 o - a ring of stealth (left hand)
 q - a ring of magical power (right hand)
 D - an uncursed ring of protection from fire {unknown}
Wands
 h - a wand of paralysis (13/24)
 k - a wand of confusion (35/48)
 v - a wand of polymorph (12/24)
 z - a wand of polymorph (11/24)
 A - a wand of paralysis (2/24)
 C - a wand of random effects (26/48)
 O - a wand of iceblast (4/15)
 Q - a wand of digging (6/24)
 S - a wand of paralysis (16/24)
Scrolls
 e - 5 scrolls of identify
 j - 6 scrolls of teleportation
 t - a scroll of immolation {unknown}
 w - 3 scrolls of enchant weapon
 y - 9 scrolls of remove curse
 B - 2 scrolls of blinking
 E - a scroll of noise {unknown}
 I - a scroll of vulnerability {unknown}
 K - 2 scrolls of magic mapping
 M - 4 scrolls of recharging
 N - a scroll of torment {unknown}
 R - a scroll of amnesia {unknown}
Potions
 d - 2 potions of might
 i - 5 potions of haste
 l - a potion of agility {unknown}
 p - 2 potions of invisibility {unknown}
 r - 5 potions of brilliance
 s - 6 potions of curing
 u - 3 potions of flight {unknown}
 H - a potion of magic {unknown}
 J - a potion of berserk rage {unknown}
 L - 2 potions of lignification {unknown}
 P - 2 potions of degeneration {unknown}
Comestibles
 f - 8 bread rations
 m - 14 royal jellies
 n - 3 chunks of flesh
 x - 6 meat rations


   Skills:
 + Level 4.1 Fighting
 - Level 12.0 Long Blades
 + Level 3.5 Armour
 + Level 1.6 Stealth
 + Level 4.2 Shields
 * Level 4.8 Invocations


You had 9 spell levels left.
You didn't know any spells.

Dungeon Overview and Level Annotations

Branches:
Dungeon (10/15)            Temple (1/1) D:4             Orc (0/2) D:9
   Lair: D:8-11

Altars:
Ashenzari
Cheibriados
Dithmenos
Elyvilon
Fedhas
Gozag
Hepliaklqana
Kikubaaqudgha
Makhleb
Nemelex Xobeh
Okawaru
Qazlal
Ru
Sif Muna
Trog
Uskayaw
Vehumet
Xom
Yredelemnul
Zin
The Shining One

Shops:
D:9 *   D:10 :

Annotations:
D:10 Fannar


Innate Abilities, Weirdness & Mutations

You have razor-sharp teeth.
Your natural rate of healing is unusually fast.
When hurt, damage is shared between your health and your magic reserves.
Your bite disrupts and absorbs the magic of your enemies.
Potions cannot restore your health.
You are immune to rotting.


Message History

You hit Fannar. You bite Fannar.
Fannar's magic leaks into the air.
You drain his magic.
You feel invigorated.
Fannar is lightly wounded.
Fannar gestures wildly while chanting.
Fannar drains the heat from the surrounding environment!
You feel very cold.
* * * LOW HITPOINT WARNING * * *
Fannar and the shadow imp are frozen.
Fannar resists.
Fannar is moderately wounded.
The shadow imp resists.
The shadow imp is lightly wounded.
You closely miss Fannar.
Fannar is moderately wounded.
The shadow imp gestures at you. Pain shoots through your body!
* * * LOW HITPOINT WARNING * * *
Fannar casts a spell.
Fannar drains the heat from the surrounding environment!
You feel very cold.
You die...

..#........................######
..#........................#.....
..#...............######'###.....
..########........#.....(.'......
.........#........#.......#......
.........#........#..>..(.##.....
.........#........#......(.######
####.....#........#......).#
..##'#####.....e@.#.......##
.........#........'........#
.........#........#........#
.........#........#.......##
..##.....#........#.......#
..##.....##.<...5.#########
..........#.......#.......#
..........#.......#.......#
####......#.......#.......#


You could see Fannar and a shadow imp.

Vanquished Creatures
  Prince Ribbit (D:6)
  3 hippogriffs
  Sigmund (D:4)
  A yak (D:8)
  A wraith (Ossuary)
  2 hungry ghosts
  A water moccasin (D:9)
  2 orc warriors
  4 ice beasts
  2 necrophages
  3 centaurs
  5 ogres
  A big kobold (D:9)
  A bullfrog (D:8)
  A wyvern zombie (D:9)
  A water moccasin skeleton (D:6)
  2 scorpions
  6 howler monkeys
  4 crimson imps
  A centaur zombie (D:6)
  7 jellies
  A quasit (D:9)
  4 hounds
  A bullfrog skeleton (D:4)
  3 orc priests
  An iguana (D:10)
  Ijyb (D:4)
  9 worker ants
  Natasha (thrice) (D:2)
  9 orc wizards
  2 hound skeletons
  A hound zombie (D:6)
  2 mummies
  A howler monkey zombie (D:5)
  14 adders
  3 shadow imps
  8 oozes
  An adder zombie (D:5)
  2 adder skeletons
  A dart slug (D:1)
  9 leopard geckos
  31 orcs
  3 giant cockroaches
  7 goblins
  8 hobgoblins
  18 jackals
  3 quokkas
  2 ball pythons
  A ball python zombie (D:6)
  2 bats (D:3)
  7 frilled lizards
  6 gnoll skeletons (Ossuary)
  A goblin zombie (D:7)
  A hobgoblin zombie (D:7)
  A jackal skeleton (D:7)
  19 kobolds
  6 kobold skeletons (Ossuary)
  A leopard gecko skeleton (D:4)
  A leopard gecko zombie (D:5)
  12 orc skeletons (Ossuary)
  3 quokka skeletons
  11 rats
270 creatures vanquished.

Notes
Turn   | Place    | Note
-------+----------+-------------------------------------------
     0 | D:1      | anfisbena the Vine Stalker Fighter began the quest for the Orb.
     0 | D:1      | Reached XP level 1. HP: 11/11 MP: 2/2
    30 | D:1      | Reached skill level 2 in Long Blades
   400 | D:1      | Reached XP level 2. HP: 12/16 MP: 3/3
   896 | D:1      | Reached skill level 3 in Long Blades
   900 | D:1      | Reached XP level 3. HP: 17/19 MP: 4/4
  1326 | D:2      | Noticed Natasha
  1330 | D:2      | Killed Natasha
  1356 | D:2      | Gained mutation: Your natural rate of healing is unusually fast. [Vine Stalker growth]
  1356 | D:2      | Reached XP level 4. HP: 10/23 MP: 3/5
  1435 | D:2      | Reached skill level 4 in Long Blades
  1455 | D:2      | Noticed Natasha
  1462 | D:2      | Killed Natasha
  1506 | D:2      | Reached XP level 5. HP: 27/27 MP: 6/6
  1578 | D:2      | Noticed Natasha
  1589 | D:2      | Killed Natasha
  1589 | D:2      | Reached skill level 5 in Long Blades
  2302 | D:3      | Reached XP level 6. HP: 32/32 MP: 7/7
  3004 | D:4      | Reached skill level 6 in Long Blades
  3007 | D:4      | Found a staircase to the Ecumenical Temple.
  3031 | Temple   | Entered the Ecumenical Temple
  3092 | Temple   | Became a worshipper of Uskayaw the Reveler
  3169 | D:4      | Reached * piety under Uskayaw
  3173 | D:4      | Reached ** piety under Uskayaw
  3480 | D:4      | Noticed Sigmund
  3503 | D:4      | Reached *** piety under Uskayaw
  3506 | D:4      | Killed Sigmund
  3506 | D:4      | Reached skill level 7 in Long Blades
  3506 | D:4      | Reached XP level 7. HP: 11/35 MP: 8/8
  3768 | D:4      | Noticed Ijyb
  3770 | D:4      | Paralysed by Ijyb for 6 turns
  3782 | D:4      | Paralysed by Ijyb for 6 turns
  3791 | D:4      | Killed Ijyb
  4182 | D:5      | Entered Level 5 of the Dungeon
  4210 | D:5      | Reached **** piety under Uskayaw
  4222 | D:5      | Reached skill level 8 in Long Blades
  4222 | D:5      | Reached ***** piety under Uskayaw
  4475 | D:5      | Found a shimmering altar of Xom.
  4638 | D:5      | Gained mutation: You have razor-sharp teeth. [Vine Stalker growth]
  4638 | D:5      | Reached XP level 8. HP: 39/39 MP: 9/9
  5124 | D:6      | Found a shattered altar of Ashenzari.
  5155 | D:6      | Noticed Prince Ribbit
  5180 | D:6      | Killed Prince Ribbit
  5180 | D:6      | Reached skill level 9 in Long Blades
  5599 | D:6      | Reached skill level 10 in Long Blades
  5693 | D:6      | Reached XP level 9. HP: 43/43 MP: 10/10
  5854 | D:7      | Found an ancient bone altar of Kikubaaqudgha.
  6170 | D:7      | Found a sand-covered staircase.
  6176 | Ossuary  | Entered an ossuary
  6258 | Ossuary  | Reached skill level 11 in Long Blades
  6815 | D:8      | Noticed a four-headed hydra
  6946 | D:8      | Found a basalt altar of Yredelemnul.
  7345 | D:8      | Reached skill level 12 in Long Blades
  7458 | D:8      | Reached skill level 1 in Invocations
  7587 | D:8      | Reached XP level 10. HP: 26/49 MP: 12/12
  7708 | D:9      | Found a radiant altar of Vehumet.
  7738 | D:9      | Found a snail-covered altar of Cheibriados.
  7741 | D:9      | Found Zin's Purification Station.
  7746 | D:9      | Found a glowing silver altar of Zin.
  7759 | D:9      | Found a staircase to the Orcish Mines.
  8370 | D:9      | Found a sparkling altar of Nemelex Xobeh.
  8370 | D:9      | Found a bloodstained altar of Trog.
  8743 | D:10     | Entered Level 10 of the Dungeon
  8894 | D:10     | Found Vuleet's Book Shop.
  8977 | D:10     | Reached skill level 1 in Stealth
  9007 | D:10     | Noticed Fannar
  9250 | D:10     | Killed from afar by Fannar

Skill      XL: |  1  2  3  4  5  6  7  8  9 10 |
---------------+-------------------------------+-----
Long Blades    | 2 3 4 5 7 8 10 12 | 12.0
Invocations    | 2 4 |  4.8
Fighting       | 3 4 |  4.1
Shields        | 3 4 |  4.2
Armour         | 3 |  3.5
Stealth        | 1 |  1.6

Action                   |  1- 3 |  4- 6 |  7- 9 | 10-12 || total
-------------------------+-------+-------+-------+-------++-------
Melee: Long sword        |    73 |   229 |   414 |   234 ||   950
       Bite              |    20 |    75 |   157 |    82 ||   334
  Use: Scroll            |       |       |    10 |       ||    10
 Stab: Paralysed         |       |       |    14 |     4 ||    18
  Eat: Chunk             |     1 |     8 |    13 |     7 ||    29
       Fruit             |       |       |     3 |     2 ||     5
Armor: Scale mail        |    24 |   100 |   138 |    92 ||   354
Dodge: Dodged            |    25 |    77 |    92 |    53 ||   247
Block: Shield            |    34 |   122 |   151 |    98 ||   405
       Rpst.: Long sword |     8 |    17 |    27 |    11 ||    63
